 Dungeon Crawl Stone Soup version 0.31-a0-1-g4198be8af4 (webtiles) character file.

Game seed: 2781478270591051204

30 testman the Covered (level 3, -2/26 HPs)
             Began as a Human Wanderer on May 1, 2023.
             Was a Believer of Qazlal.
             Slain by a gnoll
             ... wielding a +0 spear
              (6 damage)
             ... on level 2 of the Dungeon.
             The game lasted 00:03:19 (692 turns).

testman the Covered (Human Wanderer)                 Turns: 692, Time: 00:03:20

Health: -2/26      AC:  5    Str: 18    XL:     3   Next: 35%
Magic:  3/6        EV:  5    Int: 10    God:    Qazlal [**....]
Gold:   45         SH:  0    Dex: 10    Spells: 5/6 levels left

rFire   . . .        e - +3 mace
rCold   . . .        (no shield)
rNeg    . . .        g - +0 ring mail
rPois   .            (no helmet)
rElec   .            (no cloak)
rCorr   .            (no gloves)
SInv    .            (no boots)
Will    .....        (no amulet) Stlth
                     (no ring)
HPRegen 0.24/turn    (no ring)
MPRegen 0.10/turn

%: no passive effects
@: held
A: no striking features
a: Renounce Religion, Upheaval


You were on level 2 of the Dungeon.
You worshipped Qazlal.
Qazlal was pleased with you.
You visited 1 branch of the dungeon, and saw 2 of its levels.

You collected 45 gold pieces.

Inventory:

Hand Weapons
 e - a +3 mace (weapon)
Armour
 g - a +0 ring mail (worn)
Scrolls
 a - a scroll of identify {unknown}
 d - a scroll of vulnerability {unknown}
Potions
 b - a potion of flight {unknown}
 c - a potion of heal wounds
 f - a potion of haste {unknown}


   Skills:
 + Level 1.3 Fighting
 + Level 2.5 Maces & Flails
 - Level 3.0 Armour
 - Level 2.0 Spellcasting
 - Level 2.0 Earth Magic
 + Level 1.5 Invocations
 - Level 1.0 Evocations


You had 5 spell levels left.
You knew the following spells:

 Your Spells              Type           Power      Damage    Failure   Level
a - Sandblast             Erth           10%        2d5       24%         1

Your spell library contained the following spells:

 Spells                   Type           Power      Damage    Failure   Level
 Stone Arrow              Conj/Erth      6%         3d7       71%         3
 Volatile Blastmotes      Fire/Tloc      2%         2d10      85%         3
 Fulminant Prism          Conj/Hex       0%         3d5       99%         4
 Iskenderun's Mystic Bla  Conj/Tloc      1%         2d3       99%         4
 Fireball                 Conj/Fire      0%         3d3       100%        5
 Iskenderun's Battlesphe  Conj           1%         2d6       100%        5
 Lee's Rapid Deconstruct  Erth           2%         3d5*      100%        5
 Conjure Ball Lightning   Conj/Air       0%         3x3d6     100%        6
 Orb of Destruction       Conj           0%         9d5       100%        7


Dungeon Overview and Level Annotations

Branches:
Dungeon (2/15)

Altars:
Qazlal


Message History

You kill the goblin!
Qazlal accepts your kill.
No target in view!
No target in view!
A goblin comes into view. It is wielding a +0 club.
The goblin shouts!
Things that are here:
a +0 club; a goblin corpse A gnoll comes into view.
It is wielding a +0 halberd.
The gnoll shouts!
You hear a shout!
The goblin hits you with a +0 club.
You hear a shout!
You barely miss the goblin.
A gnoll comes into view. It is wielding a +0 spear.
The goblin misses you.
You miss the goblin. The goblin barely misses you.
The gnoll hits you from afar with a +0 halberd!
You closely miss the goblin. The gnoll closely misses you.
The goblin barely misses you.
You hit the goblin.
You kill the goblin!
Qazlal accepts your kill. The gnoll closely misses you.
The gnoll throws a throwing net.
The throwing net hits you.
You become entangled in the net!
The gnoll barely misses you.
Aiming: Upheaval
Press: ? - help, Dir - move target, f - gnoll
Aim: a gnoll, wielding a +0 halberd and quivering a throwing net The ground shakes violently, spewing rubble!
The blast of rubble hits the gnoll!
The gnoll is almost dead.
You hear a shout!
The gnoll hits you from afar with a +0 halberd!
The gnoll hits you from afar with a +0 spear.
* * * LOW HITPOINT WARNING * * *
You struggle against the net.
The gnoll barely misses you.
A goblin comes into view. It is wielding a +0 club.
The gnoll hits you from afar with a +0 spear.
You die...

######.....#######
.............#
...........#.#
#..##.#...##.# #
##.##.###.#
#.....# #.#
#.)#### #.# #..###
#.# #..@.# #.#
#.##g# #.# #.


gg# ... .. #... ##. .##. #. ## .. #. # You could see 2 gnolls and a goblin.

Vanquished Creatures
  A dart slug (D:1)
  2 endoplasms (D:1)
  A giant cockroach (D:1)
  4 goblins
  2 hobgoblins
  5 ball pythons
  3 bats
  A frilled lizard (D:1)
  5 kobolds (D:1)
  2 rats (D:1)
26 creatures vanquished.

Notes
Turn   | Place    | Note
-------+----------+-------------------------------------------
     0 | D:1      | testman the Human Wanderer began the quest for the Orb.
     0 | D:1      | testman set off with the following items: a +2 mace, a +0
                  | scale mail, a potion of heal wounds; and the following
                  | spell memorised: Sandblast; and the following spells
                  | available to memorise: Stone Arrow.
     0 | D:1      | Reached XP level 1. HP: 13/13 MP: 3/3
    57 | D:1      | Found a faded altar of an unknown god.
    64 | D:1      | Prayed at the altar of an unknown god.
    64 | D:1      | Became a worshipper of Qazlal Stormbringer
    64 | D:1      | Reached * piety under Qazlal
   170 | D:1      | Reached XP level 2. HP: 20/20 MP: 5/5
   314 | D:1      | Reached skill level 1 in Invocations
   317 | D:1      | Reached skill level 1 in Fighting
   371 | D:1      | Reached XP level 3. HP: 19/26 MP: 6/6
   651 | D:2      | Reached ** piety under Qazlal
   692 | D:2      | Slain by a gnoll

Illustrated notes

Levels and vault maps discovered:
D:1:      spicycebolla_arrival_clurvy, layout_basic,
          shapermc_ecumenical_altar_totnotflames, minmay_misc_feat_square
D:2:      layout_loops_ring

Skill      XL: |  1  2 |
---------------+-------+-----
Invocations    | 1 |  1.5
Fighting       | 1 |  1.3
Maces & Flails | |  2.5
Armour         | |  3.0
Spellcasting   | |  2.0
Earth Magic    | |  2.0
Evocations     | |  1.0

Action                     || total
---------------------------++-------
  Melee: Mace              ||    65
 Invoke: Upheaval          ||     1
 Armour: Scale mail        ||    20
         Ring mail         ||    17
  Dodge: Dodged            ||    65
  Block: Other             ||     4

Table legend: (Time is in decaauts)
 A = Elapsed time spent in this place.
 B = Non-inter-level travel time spent in this place.
 C = Inter-level travel time spent in this place.
 D = Time resting spent in this place.
 E = Time spent auto-exploring this place.
 F = Levels seen in this place.
 G = Mean time per level.
                   A        B        C        D        E       F      G
               +--------+--------+--------+--------+--------+-----+--------+
         Total |    709 |    693 |     16 |      0 |    509 |   2 |  354.5 |
       Dungeon |    709 |    693 |     16 |      0 |    509 |   2 |  354.5 |
               +--------+--------+--------+--------+--------+-----+--------+

Top non-repeatable levels by time:
     D:1: 646 daAuts
     D:2: 62 daAuts
